 Dungeon Crawl Stone Soup version 0.23.2-1-ga50397a (webtiles) character file.

Game seed: 2530512365253739699

89 kae the Ruffian (level 4, -4/35 HPs)
             Began as a Draconian Transmuter on May 18, 2019.
             Killed from afar by an orc wizard (11 damage)
             ... with a puff of flame
             ... on level 3 of the Dungeon.
             The game lasted 00:01:41 (2026 turns).

kae the Ruffian (Draconian Transmuter)              Turns: 2026, Time: 00:01:42

Health: -4/35      AC:  5    Str: 13    XL:     4   Next: 31%
Magic:  0/8        EV: 12    Int: 13    God:
Gold:   98         SH:  0    Dex: 12    Spells: 2/8 levels left

rFire    . . .     SeeInvis .     - Unarmed
rCold    . . .     Gourm    .   (no shield)
rNeg     . . .     Faith    .   (armour unavailable)
rPois    .         Spirit   +   (helmet restricted)
rElec    .         Reflect  .   b - scarf {Spirit}
rCorr    .         Harm     .   (no gloves)
MR       .....                  (no boots)
Stlth    +.........             (no amulet)
HPRegen  0.11/turn              (no ring)
MPRegen  0.11/turn              (no ring)

@: very slightly contaminated
A: unfitting armour, cold-blooded, AC +5
a: no special abilities


You were on level 3 of the Dungeon.
You were not hungry.

You visited 1 branch of the dungeon, and saw 3 of its levels.

You collected 98 gold pieces.

Inventory:

Missiles
 a - 53 arrows
Armour
 b - a scarf of spirit shield (worn)
Scrolls
 e - a scroll of enchant weapon
 g - a scroll of identify
 h - a scroll of amnesia
 i - 2 scrolls of remove curse
Potions
 d - 3 potions of degeneration
 f - a potion of mutation {unknown}
 j - a potion of heal wounds {unknown}
Comestibles
 c - 5 rations


   Skills:
 - Level 1.1 Fighting
 - Level 1.7 Dodging
 + Level 3.6 Unarmed Combat
 + Level 2.6 Spellcasting
 * Level 3.6 Transmutations


You had 2 spell levels left.
You knew the following spells:

 Your Spells              Type           Power        Failure   Level  Hunger
a - Beastly Appendage     Tmut           ##....       5%          1    #......
b - Sticks to Snakes      Tmut           ##......     9%          2    ###....
c - Spider Form           Tmut/Pois      #.........   34%         3    ###....

Your spell library contained the following spells:

 Spells                   Type           Power        Failure   Level  Hunger
 Ice Form                 Ice/Tmut       #.......     75%         4    #####..
 Blade Hands              Tmut           ##........   83%         5    ######.


Dungeon Overview and Level Annotations

Branches:
Dungeon (3/15)

Altars:
Fedhas
Qazlal

Annotations:
D:3 exclusion: orc priest


Innate Abilities, Weirdness & Mutations

Your plain brown scales are hard. (AC +5)
You cannot fit into any form of body armour.
You are cold-blooded and may be slowed by cold attacks.


Message History

You feel slightly ill. The orc hits you but does no damage.
You hit the orc.
The orc is heavily wounded.
The orc closely misses you.
You hit the orc.
You kill the orc!
You miss something. Something hits you.
You hit something. Something hits you but does no damage.
You barely miss something.
Your tail-slap misses something.
Something hits you.
* * * LOW HITPOINT WARNING * * *
Casting: Spider Form (safe; 34% risk of failure)
Confirm with . or Enter, or press ? or * to list all spells.
You don't have enough magic to cast that spell.
You barely miss something. You tail-slap something. Something hits you.
* * * LOW HITPOINT WARNING * * *
You hit something.
You hear some strange, mumbled words.
A puff of flame appears from out of thin air!
The puff of flame hits you!
You die...

## ...## ###
#......# #.
....#.###....
#..go.o....
### #)#
.....####@#
#......#
########


You could see an orc and a hobgoblin.

Vanquished Creatures
  An orc priest (D:3)
  2 adders (D:2)
  A worm (D:2)
  A dart slug (D:1)
  A leopard gecko (D:2)
  2 orcs
  6 bats
  4 giant cockroaches
  3 goblins
  6 hobgoblins
  2 quokkas (D:2)
  2 frilled lizards (D:2)
  6 rats
37 creatures vanquished.

Notes
Turn   | Place    | Note
-------+----------+-------------------------------------------
     0 | D:1      | kae the Draconian Transmuter began the quest for the Orb.
     0 | D:1      | Reached XP level 1. HP: 16/16 MP: 3/3
   217 | D:1      | Reached XP level 2. HP: 21/23 MP: 5/5
   775 | D:2      | Learned a level 2 spell: Sticks to Snakes
  1017 | D:2      | Reached XP level 3. HP: 25/28 MP: 4/6
  1024 | D:2      | Learned a level 3 spell: Spider Form
  1241 | D:2      | Found a stormy altar of Qazlal.
  1423 | D:2      | Found a blossoming altar of Fedhas.
  2018 | D:3      | Reached XP level 4. HP: 11/35 MP: 4/8
  2026 | D:3      | Killed from afar by an orc wizard

Skill      XL: |  1  2  3 |
---------------+----------+-----
Transmutations | 3 |  3.6
Fighting       | |  1.1
Dodging        | |  1.7
Unarmed Combat | |  3.6
Spellcasting   | |  2.6

Action                   |  1- 3 |  4- 6 || total
-------------------------+-------+-------++-------
Melee: Unarmed           |   140 |     7 ||   147
       Tailslap          |    12 |     1 ||    13
       Headbutt          |     5 |       ||     5
       Kick              |     3 |       ||     3
 Cast: Beastly Appendage |    15 |       ||    15
       Sticks to Snakes  |     1 |       ||     1
       Spider Form       |     1 |       ||     1
  Use: Scroll            |     5 |       ||     5
  Eat: Chunk             |     2 |       ||     2
       Ration            |     1 |       ||     1
Armor: Skin              |    49 |     1 ||    50
Dodge: Dodged            |    99 |     1 ||   100
